 Seeded DCSS version 0.31.0-11-ge490571c62 (webtiles) character file.

Game seed: 1199980653827765208 (custom seed)

8 CInkIbrahim the Ruffian (level 2, 21/21 HPs)
             Began as a Demonspawn Shapeshifter on Jan 29, 2024.
             Was a Follower of Cheibriados.
             Quit the game on level 1 of the Dungeon.
             The game lasted 00:00:39 (201 turns).

CInkIbrahim the Ruffian (Demonspawn Shapeshifter)    Turns: 201, Time: 00:00:40

Health: 21/21      AC:  2    Str: 16    XL:     2   Next: 0%
Magic:  2/2        EV: 12    Int: 12    God:    Cheibriados [*.....]
Gold:   13         SH:  0    Dex: 14    Spells: 1/1 levels left

rFire   . .          .
                       - Unarmed
rCold   . . .        (no shield)
rNeg    . . .        a - +0 animal skin
rPois   .            (helmet currently unavailable)
rElec   .            (cloak currently unavailable)
rCorr   .            (gloves currently unavailable)
SInv    .            (boots currently unavailable)
Will    .....        (no amulet)
Stlth   +            (no ring)
HPRegen 0.23/turn    (no ring)
MPRegen 0.08/turn

%: no passive effects
@: beast-form, very slow
A: beast (slay +1), powered by death 1
a: Begin Untransformation, Renounce Religion, Bend Time


You were on level 1 of the Dungeon.
You worshipped Cheibriados.
Cheibriados was aware of your devotion.
You were a hulking beast.
You visited 1 branch of the dungeon, and saw 1 of its levels.

You collected 13 gold pieces.

Inventory:

Armour
 a - a +0 animal skin (worn)
Talismans
 c - a beast talisman
 d - a flux talisman
Scrolls
 e - a scroll of teleportation {unknown}
 f - a scroll of amnesia {unknown}
Potions
 b - a potion of lignification


   Skills:
 - Level 1.0 Fighting
 - Level 1.7 Dodging
 + Level 3.2 Unarmed Combat
 - Level 2.6 Shapeshifting


You had one spell level left.
You didn't know any spells.
Your spell library was empty.

Dungeon Overview and Level Annotations

Branches:
Dungeon (1/15)

Altars:
Cheibriados


Innate Abilities, Weirdness & Mutations

You are a hulking beast.
Your limbs bulge with bestial killing power. (Slay +1)
You regenerate a little health from kills.


Message History

You completely miss the dart slug.
The dart slug is moderately wounded.
The dart slug bites you.
You hit the dart slug.
The dart slug is severely wounded.
The dart slug bites you.
* * * LOW HITPOINT WARNING * * *
You hit the dart slug.
You kill the dart slug!
Things that are here:
a hobgoblin corpse; a hobgoblin corpse A bat comes into view.
The bat hits you.
You hit the bat but do no damage. The bat misses you.
The bat barely misses you. The bat closely misses you.
You hit the bat.
The bat is moderately wounded.
The bat completely misses you.
Found a faded altar of an unknown god.
The bat closely misses you. The bat completely misses you.
You hit the bat.
The bat is severely wounded.
The bat barely misses you. The bat hits you but does no damage.
The bat completely misses you.
You hit the bat.
You kill the bat!
You have reached level 2!
Your demonic ancestry asserts itself...
A wave of death washes over you.
Found 15 gold pieces.
A ball python comes into view.
There is a faded altar of an unknown god here.
This altar belongs to (a) Trog, (b) Cheibriados or (c) Okawaru, but you can't tell which.
Press the corresponding letter to learn more about a god, or press enter to convert or escape to cancel.
Cheibriados accepts your prayer! Cheibriados welcomes you!
Cheibriados begins to support your attributes as your movement slows.
Cheibriados is now slowing the effects of poison on you.
You can now bend time to slow others.
Cheibriados raises the support of your attributes as your movement slows.
Are you sure you want to abandon this character and quit the game? (Confirm with "yes".)

#. #....# #. #.## #....#
#. ## #..###....###.
#.#########............
###P...#.P..###.....###.
P..P...#..P...P#:...#
...P.P.#.......##...#
.S.....#PP..P....#$.#
.P.P..Ph.....P.P.#....
..P....#.....PP..#..###
.......#PPP....##...#
...P..P#P.P$...# ..
###.P..#....###..
..#########.. ... ###
### ..


You could see a ball python (asleep).

Vanquished Creatures
  A dart slug (D:1)
  A ball python (D:1)
  2 hobgoblins (D:1)
  A bat (D:1)
  A rat (D:1)
6 creatures vanquished.

Notes
Turn   | Place    | Note
-------+----------+-------------------------------------------
     0 | D:1      | CInkIbrahim the Demonspawn Shapeshifter began the quest for
                  | the Orb.
     0 | D:1      | Reached XP level 1. HP: 15/15 MP: 1/1
   126 | D:1      | Reached skill level 3 in Unarmed Combat
   189 | D:1      | Found a faded altar of an unknown god.
   193 | D:1      | Gained mutation: You regenerate a little health from kills.
                  | [demonic ancestry]
   193 | D:1      | Reached XP level 2. HP: 21/21 MP: 2/2
   200 | D:1      | Prayed at the altar of an unknown god.
   200 | D:1      | Became a worshipper of Cheibriados the Contemplative
   200 | D:1      | Reached * piety under Cheibriados
   201 | D:1      | Quit the game

Illustrated notes

Levels and vault maps discovered:
D:1:      dpeg_arrival_line_fractal, layout_basic, shapermc_ecumenical_altar_gd

Skill      XL: |  1 |
---------------+----+-----
Unarmed Combat | 3 |  3.2
Fighting       | |  1.0
Dodging        | |  1.7
Shapeshifting  | |  2.6

Action                     || total
---------------------------++-------
  Melee: Unarmed           ||    21
 Armour: Animal skin       ||    11
  Dodge: Dodged            ||    11
